 Dungeon Crawl Stone Soup version 0.31-a0-175-g9f7f995f2b (webtiles) character file.

Game seed: 9275096858207493866

71 qw the Shooter (level 4, -5/28 HPs)
             Began as a Gargoyle Hunter on June 16, 2023.
             Slain by a hobgoblin
             ... wielding a +0 dagger
             ... led by Robin
              (7 damage)
             ... on level 2 of the Dungeon.
             The game lasted 00:00:23 (932 turns).

qw the Shooter (Gargoyle Hunter)                     Turns: 932, Time: 00:00:24

Health: -5/28      AC:  6    Str: 15    XL:     4   Next: 24%
Magic:  4/4        EV: 11    Int:  9    God:
Gold:   89         SH:  0    Dex: 15    Spells: 3/3 levels left

rFire   . . .        Y - +0 shortbow
rCold   . . .        (shield currently unavailable)
rNeg    + . .        c - +0 leather armour
rPois   inf          (no helmet)
rElec   +            (no cloak)
rCorr   .            (no gloves)
SInv    .            (no boots)
Will    .....        (no amulet)
Stlth   ++           (no ring)
HPRegen 0.24/turn    (no ring)
MPRegen 0.09/turn

%: no passive effects
@: no status effects
A: sickness immunity, AC +3, negative energy resistance 1, electricity
resistance, torment resistance 1, petrification resistance
a: no special abilities


You were on level 2 of the Dungeon.
You visited 1 branch of the dungeon, and saw 2 of its levels.

You collected 89 gold pieces.


Innate Abilities, Weirdness & Mutations

You are immune to sickness and miasma.
Your stone body is resilient. (AC +3)
You are immune to poison.
You resist negative energy. (rN+)
You are resistant to electric shocks. (rElec)
You are resistant to unholy torment.
You are immune to petrification.


   Skills:
 - Level 3.2 Fighting
 + Level 5.2 Ranged Weapons
 - Level 1.5 Dodging
 - Level 1.1 Stealth


You had 3 spell levels left.
You didn't know any spells.
Your spell library was empty.

Inventory:

Hand Weapons
 Y - a +0 shortbow (weapon)
Armour
 c - a +0 leather armour (worn)
 f - a +1 robe of fire resistance
Jewellery
 b - a ring of wizardry
Scrolls
 a - a scroll of blinking {unknown}
 e - a scroll of identify
Potions
 d - a potion of degeneration {unknown}
 h - a potion of cancellation {unknown}

Dungeon Overview and Level Annotations

Branches:
Dungeon (2/15)

Altars:

Shops:
D:2 ?

Annotations:
D:2 Robin


Message History

You kill the goblin!
The goblin barely misses you.
The goblin hits you but does no damage. x2
A goblin comes into view. It is wielding a +0 club.
You shoot an arrow. The goblin shouts!
The arrow hits the goblin!
You kill the goblin!
The goblin hits you with a +0 club.
A hobgoblin comes into view.
The goblin hits you with a +0 dagger of holy wrath.
You shoot an arrow. The arrow closely misses the goblin.
The goblin barely misses you. The goblin closely misses you.
The goblin hits you but does no damage.
You shoot an arrow. The arrow hits the goblin!
You kill the goblin!
The goblin closely misses you. Robin throws the goblin at you!
The goblin barely misses you.
You shoot an arrow. The arrow closely misses the goblin.
Robin flexes a bicep menacingly.
The goblin hits you with a +0 club.
The goblin hits you with a +0 dagger of holy wrath.
The goblin hits you with a +0 club.
The goblin hits you with a +0 dagger of holy wrath.
Robin throws the goblin at you!
You shoot an arrow.
The arrow hits Robin but does no damage.
The goblin hits you but does no damage. The hobgoblin closely misses you.
Robin misses you. The goblin barely misses you.
You shoot an arrow. The arrow hits Robin!
Robin is heavily wounded.
The goblin barely misses you. The hobgoblin closely misses you.
The goblin hits you but does no damage. Robin barely misses you.
You shoot an arrow. The arrow closely misses Robin.
The goblin closely misses you. The hobgoblin barely misses you.
Robin misses you. The goblin hits you but does no damage.
You shoot an arrow. The arrow closely misses Robin.
The goblin no longer looks unusually strong.
The goblin hits you with a +0 club.
The hobgoblin hits you with a +0 dagger!
You die...

#......# #.#.#####.#
#......# #.#.# #.#
#......######.#.#
#.#
####...'..))..#.#
#.# #...########.#
#<# #...# #.# #.#
#...# #.# #.# #...#
######g#####.# #....
.)..ggg@g....#
#.......####g#######
#...... #. #.......
#. .. .# .. .#


You could see Robin, 2 hobgoblins and 3 goblins.

Vanquished Creatures
  Jessica (D:2)
  An adder (D:2)
  2 dart slugs (D:1)
  4 ball pythons
  An endoplasm (D:2)
  8 goblins
  4 hobgoblins
  3 quokkas (D:1)
  A frilled lizard (D:1)
  4 rats (D:1)
29 creatures vanquished.

Notes
Turn   | Place    | Note
-------+----------+-------------------------------------------
     0 | D:1      | qw the Gargoyle Hunter began the quest for the Orb.
     0 | D:1      | Reached XP level 1. HP: 12/12 MP: 1/1
     0 | D:1      | 0 ||| qw: Version: 0.2-a-29-g511e9b1
     0 | D:1      | 0 ||| qw: Game counter: 39
     0 | D:1      | 0 ||| qw: Always use a shield: true
     0 | D:1      | 0 ||| qw: God list: Okawaru
     0 | D:1      | 0 ||| qw: Allow faded altars: false
     0 | D:1      | 0 ||| qw: Do Orc after D:15 true
     0 | D:1      | 0 ||| qw: Do second Lair branch before Depths: true
     0 | D:1      | 0 ||| qw: Lair rune preference: random
     0 | D:1      | 0 ||| qw: Plans: Normal, Zot:1-4, Slime:5, God:TSO, Crypt,
                  | Tomb, Abyss, Pan, Hells, Win
     0 | D:1      | 0 ||| PLANNING D:1-11
   103 | D:1      | Reached XP level 2. HP: 17/17 MP: 2/2
   687 | D:1      | 687 ||| READING scroll labelled FUSTOL RIOSHRO.
   688 | D:1      | 688 ||| READING 3 scrolls labelled RIOTUQIUPAP.
   689 | D:1      | 689 ||| READING scroll labelled CEUTOPPIUL.
   690 | D:1      | 690 ||| READING scroll labelled FAULETA SA BIA.
   691 | D:1      | 691 ||| READING 2 scrolls of identify.
   691 | D:1      | 691 ||| IDENTIFYING metallic sapphire potion
   692 | D:1      | 692 ||| DROPPING scroll of butterflies.
   693 | D:1      | 693 ||| DROPPING potion of brilliance.
   707 | D:2      | Reached XP level 3. HP: 21/21 MP: 3/3
   772 | D:2      | Found Mipeall's Magic Scroll Boutique.
   774 | D:2      | Found a faded altar of an unknown god.
   787 | D:2      | Reached skill level 5 in Ranged Weapons
   863 | D:2      | Noticed Jessica
   867 | D:2      | 867 ||| FLEEEEING.
   878 | D:2      | Killed Jessica
   879 | D:2      | Reached skill level 3 in Fighting
   879 | D:2      | Reached XP level 4. HP: 27/28 MP: 4/4
   919 | D:2      | Noticed Robin
   928 | D:2      | HP: 6/28 [goblin/+0 dagger of holy wrath[Robin] (5)]
   928 | D:2      | HP: 2/28 [goblin/+0 dagger of holy wrath[Robin] (3)]
   932 | D:2      | Slain by a hobgoblin

Levels and vault maps discovered:
D:1:      dpeg_arrival_short_road, layout_loops_cross
D:2:      layout_basic, basic_ecumenical_altar, serial_shops,
          nicolae_shop_window_shopping, grunt_ministairs_15, uniq_robin,
          uniq_jessica, uniq_sigmund

Skill      XL: |  1  2  3 |
---------------+----------+-----
Ranged Weapons | 5 |  5.2
Fighting       | 3 |  3.2
Dodging        | |  1.5
Stealth        | |  1.1

Action                     |  1- 3 |  4- 6 || total
---------------------------+-------+-------++-------
   Fire: Shortbow          |    65 |    18 ||    83
    Use: Scroll            |     5 |       ||     5
 Armour: Leather armour    |    13 |    10 ||    23
  Dodge: Dodged            |    17 |    19 ||    36

Table legend:
 A = Non-vault XP
 B = Vault XP
 C = Vault XP percentage of total XP
 D = Non-vault monster count
 E = Vault monster count
 F = Vault count percentage of total count
                 A         B        C        D         E       F
            +---------+---------+-------+---------+---------+-------
      Total |      53 |      49 |  48.0 |      22 |       7 |  24.1
            +---------+---------+-------+---------+---------+-------
        D:1 |      32 |       0 |   0.0 |      17 |       0 |   0.0
        D:2 |      21 |      49 |  70.0 |       5 |       7 |  58.3
            +---------+---------+-------+---------+---------+-------
